PA
CHICAGO TULA @ EUGENE VANDALS
07/21/2042
 
TOP OF THE 1ST
Chicago Tula batting - Pitching for Eugene Vandals : RHP Lang Lian
Pitching: RHP Lang Lian
Batting: LHB Karl Monks 0-0: Ball
1-0: Foul Ball, location: 2F
1-1: Fly out, F9 (Flyball, 9D, EV 94.4 MPH)
Batting: RHB Esteban Rojas 0-0: Ball
1-0: Fly out, F8 (Flyball, 8LM, EV 84.4 MPH)
Batting: LHB Cisco Gracía 0-0: Ball
1-0: SINGLE (Groundball, 34, EV 85.6 MPH) (infield hit)
Batting: RHB Guillermo Dettori 0-0: Ball
1-0: Ball
Cisco Gracía steals 2nd base
2-0: Foul Ball, location: 2F
2-1: Foul Ball, location: 2F
2-2: Hit by Pitch
Batting: LHB Andrew Gray 0-0: Called Strike
0-1: Ball
1-1: Foul Ball, location: 2F
1-2: Ball
2-2: DOUBLE (Line Drive, 89D, EV 106.9 MPH)
Cisco Gracía scores
Guillermo Dettori to third
Runner from 3rd tries for Home, SAFE, throw by RF to home
Batting: RHB Jeff Weber 0-0: Ball
1-0: Ball
2-0: Called Strike
2-1: Foul Ball, location: 2F
2-2: Foul Ball, location: 2F
2-2: Ground out 6-3 (Groundball, 6M, EV 79.4 MPH)
Top of the 1st over - 2 runs, 2 hits, 0 errors, 1 left on base; Chicago 2 - Eugene 0
BOTTOM OF THE 1ST
Eugene Vandals batting - Pitching for Chicago Tula : RHP Motka Vidyasov
Pitching: RHP Motka Vidyasov
Batting: RHB Will Ross 0-0: Swinging Strike
0-1: Called Strike
0-2: Ball
1-2: Strikes out swinging
Batting: LHB Roosevelt Cartledge 0-0: SINGLE (Flyball, 7LM, EV 90.6 MPH)
Batting: RHB Ángel Júlio 0-0: Called Strike
0-1: Ball
1-1: Ball
2-1: Fielders Choice at 2nd, 6-4 (Groundball, 6, EV 85.0 MPH)
Batting: SHB Dave Richards 0-0: Called Strike
0-1: Ball
1-1: Ground out 4-3 (Groundball, 4, EV 98.8 MPH)
Bottom of the 1st over - 0 runs, 1 hit, 0 errors, 1 left on base; Chicago 2 - Eugene 0
TOP OF THE 2ND
Chicago Tula batting - Pitching for Eugene Vandals : RHP Lang Lian
Batting: RHB Terry Baker 0-0: Foul Ball, location: 2F
0-1: Ball
1-1: Ground out 6-3 (Groundball, 6, EV 98.8 MPH)
Batting: RHB Millard King 0-0: Ground out 6-3 (Groundball, 6MS, EV 87.5 MPH)
Batting: RHB Joe Goff 0-0: Called Strike
0-1: Foul Ball, location: 2F
0-2: Strikes out swinging
Top of the 2nd over - 0 runs, 0 hits, 0 errors, 0 left on base; Chicago 2 - Eugene 0
BOTTOM OF THE 2ND
Eugene Vandals batting - Pitching for Chicago Tula : RHP Motka Vidyasov
Batting: LHB Gustavo Palácios 0-0: Called Strike
0-1: Ball
1-1: Ball
2-1: Foul Ball, location: 2F
2-2: Strikes out looking
Batting: RHB Ken Francis 0-0: Ball
1-0: Foul Ball, location: 2F
1-1: Called Strike
1-2: Ball
2-2: Ball
3-2: Base on Balls
Batting: RHB Tim Jarvis 0-0: Foul Ball, location: 2F
0-1: Called Strike
0-2: Ball
1-2: Strikes out swinging
Batting: RHB Nate Martin 0-0: Foul Ball, location: 2F
0-1: Called Strike
0-2: Strikes out swinging
Bottom of the 2nd over - 0 runs, 0 hits, 0 errors, 1 left on base; Chicago 2 - Eugene 0
TOP OF THE 3RD
Chicago Tula batting - Pitching for Eugene Vandals : RHP Lang Lian
Batting: LHB Karl Monks 0-0: Called Strike
0-1: Called Strike
0-2: Strikes out looking
Batting: RHB Esteban Rojas 0-0: Ball
1-0: Foul Ball, location: 2F
1-1: Ball
2-1: Ball
3-1: Fly out, F8 (Line Drive, 8RM, EV 90.6 MPH)
Batting: LHB Cisco Gracía 0-0: Ball
1-0: Foul Ball, location: 2F
1-1: Called Strike
1-2: SOLO HOME RUN (Flyball, 9LD, EV 96.9 MPH), Distance : 363 ft
Batting: RHB Guillermo Dettori 0-0: Ball
1-0: Ground out 5-3 (Groundball, 56, EV 91.2 MPH)
Top of the 3rd over - 1 run, 1 hit, 0 errors, 0 left on base; Chicago 3 - Eugene 0
BOTTOM OF THE 3RD
Eugene Vandals batting - Pitching for Chicago Tula : RHP Motka Vidyasov
Batting: SHB Carlos Viera 0-0: Called Strike
0-1: Foul Ball, location: 2F
0-2: Strikes out swinging
Batting: RHB Will Ross 0-0: Ball
1-0: Called Strike
1-1: Ball
2-1: Called Strike
2-2: Strikes out swinging
Batting: LHB Roosevelt Cartledge 0-0: SINGLE (Groundball, 34D, EV 96.2 MPH)
Batting: RHB Ángel Júlio 0-0: Foul Ball, location: 2F
0-1: Ball
1-1: Called Strike
1-2: Foul Ball, location: 2F
1-2: Ball
2-2: Strikes out swinging
Bottom of the 3rd over - 0 runs, 1 hit, 0 errors, 1 left on base; Chicago 3 - Eugene 0
TOP OF THE 4TH
Chicago Tula batting - Pitching for Eugene Vandals : RHP Lang Lian
Batting: LHB Andrew Gray 0-0: SINGLE (Line Drive, 8LS, EV 100.6 MPH)
Batting: RHB Jeff Weber 0-0: Ball
1-0: Called Strike
1-1: Foul Ball, location: 2F
1-2: Ball
Wild Pitch!
Andrew Gray to second
2-2: Ball
3-2: Strikes out looking
Batting: RHB Terry Baker 0-0: Ball
1-0: SINGLE (Line Drive, 7S, EV 92.5 MPH)
Andrew Gray to third
Batting: RHB Millard King 0-0: Called Strike
0-1: Swinging Strike
0-2: Ball
1-2: Ball
2-2: Ball
Terry Baker is caught stealing 2nd base 2-4
3-2: Strikes out swinging
Top of the 4th over - 0 runs, 2 hits, 0 errors, 1 left on base; Chicago 3 - Eugene 0
BOTTOM OF THE 4TH
Eugene Vandals batting - Pitching for Chicago Tula : RHP Motka Vidyasov
Batting: SHB Dave Richards 0-0: Ball
1-0: Ball
2-0: Ball
3-0: Called Strike
3-1: Base on Balls
Batting: LHB Gustavo Palácios 0-0: Fly out, F8 (Flyball, 8LXD, EV 91.2 MPH)
Batting: RHB Ken Francis 0-0: Called Strike
0-1: Foul Ball, location: 2F
0-2: Strikes out swinging
Batting: RHB Tim Jarvis 0-0: Ball
Pickoff Throw to First - Error! E1
Dave Richards to second
1-0: Ball
2-0: Called Strike
2-1: Ground out 6-3 (Groundball, 56, EV 88.8 MPH)
Bottom of the 4th over - 0 runs, 0 hits, 1 error, 1 left on base; Chicago 3 - Eugene 0
TOP OF THE 5TH
Chicago Tula batting - Pitching for Eugene Vandals : RHP Lang Lian
Batting: RHB Joe Goff 0-0: Swinging Strike
0-1: Swinging Strike
0-2: Ball
1-2: Strikes out looking
Batting: LHB Karl Monks 0-0: Called Strike
0-1: Ball
1-1: Ball
2-1: Ball
3-1: Base on Balls
Batting: RHB Esteban Rojas 0-0: Ball
1-0: Called Strike
1-1: SINGLE (Groundball, 4MD, EV 96.2 MPH)
Karl Monks to second
Batting: LHB Cisco Gracía 0-0: Called Strike
0-1: Ball
1-1: Ball
2-1: SINGLE (Line Drive, 34D, EV 106.2 MPH)
Karl Monks to third
Esteban Rojas to second
Runner from 3rd tries for Home, SAFE, throw by RF to home
Batting: RHB Guillermo Dettori 0-0: Foul Ball, location: 2F
0-1: Ball
1-1: Fly out, F6 (Line Drive, 6, EV 68.1 MPH)
Batting: LHB Andrew Gray 0-0: SINGLE (Groundball, 6MD, EV 100.6 MPH)
Esteban Rojas to third
Cisco Gracía to second
Runner from 3rd tries for Home, SAFE, no throw by CF
Batting: RHB Jeff Weber 0-0: Ball
1-0: Ball
2-0: Foul Ball, location: 2F
2-1: Foul Ball, location: 2F
2-2: DOUBLE (Flyball, 78XD, EV 99.4 MPH)
Cisco Gracía scores
Andrew Gray to third
Pitching: RHP Hugo Piñón
Batting: RHB Terry Baker 0-0: Called Strike
0-1: Ball
1-1: Swinging Strike
1-2: Strikes out looking
Top of the 5th over - 3 runs, 4 hits, 0 errors, 2 left on base; Chicago 6 - Eugene 0
BOTTOM OF THE 5TH
Eugene Vandals batting - Pitching for Chicago Tula : RHP Motka Vidyasov
Batting: RHB Nate Martin 0-0: Ball
1-0: Foul Ball, location: 2F
1-1: Called Strike
1-2: Foul Ball, location: 2F
1-2: Strikes out swinging
Batting: SHB Carlos Viera 0-0: DOUBLE (Groundball, 5L, EV 104.4 MPH)
Batting: RHB Will Ross 0-0: Ball
1-0: Foul Ball, location: 2F
1-1: Ball
2-1: Foul Ball, location: 2F
2-2: Ball
3-2: SINGLE (Groundball, 5D, EV 104.4 MPH)
Carlos Viera to third
Runner from 3rd tries for Home, SAFE, throw by LF to home
Batting: LHB Roosevelt Cartledge 0-0: Called Strike
0-1: Ball
1-1: Called Strike
1-2: Ball
2-2: SINGLE (Groundball, 4S, EV 70.0 MPH) (infield hit)
Will Ross to second
Batting: RHB Ángel Júlio 0-0: Called Strike
0-1: Called Strike
0-2: Ball
1-2: Foul Ball, location: 2F
1-2: Ball
2-2: Strikes out looking
Batting: SHB Dave Richards 0-0: Called Strike
0-1: Called Strike
0-2: Ball
1-2: Ball
2-2: Ball
3-2: Reached on error, E4 (Groundball, 4, EV 97.5 MPH)
Will Ross to third
Roosevelt Cartledge to second
Batting: LHB Gustavo Palácios 0-0: Called Strike
0-1: Foul Ball, location: 2F
0-2: Ball
1-2: Foul Ball, location: 2F
1-2: Strikes out looking
Bottom of the 5th over - 1 run, 3 hits, 1 error, 3 left on base; Chicago 6 - Eugene 1
TOP OF THE 6TH
Chicago Tula batting - Pitching for Eugene Vandals : RHP Hugo Piñón
Batting: RHB Millard King 0-0: Called Strike
0-1: Ball
1-1: SINGLE (Groundball, 6D, EV 98.8 MPH)
Batting: RHB Joe Goff 0-0: Grounds into double play, 4-6-3 (Groundball, 4, EV 86.2 MPH)
Batting: LHB Karl Monks 0-0: Called Strike
0-1: Ground out 6-3 (Groundball, 6S, EV 76.9 MPH)
Top of the 6th over - 0 runs, 1 hit, 0 errors, 0 left on base; Chicago 6 - Eugene 1
BOTTOM OF THE 6TH
Eugene Vandals batting - Pitching for Chicago Tula : RHP Motka Vidyasov
Batting: RHB Ken Francis 0-0: Called Strike
0-1: Ball
1-1: Ball
2-1: Ball
3-1: Base on Balls
Pitching: RHP Sekien Saromi
Batting: RHB Tim Jarvis 0-0: Fielders Choice at 2nd, 3-6 (Groundball, 34, EV 104.4 MPH)
Batting: RHB Nate Martin 0-0: Called Strike
0-1: Called Strike
0-2: Ball
1-2: Foul Ball, location: 2F
1-2: Strikes out swinging
Batting: SHB Carlos Viera 0-0: Foul Ball, location: 2F
0-1: Swinging Strike
0-2: Ball
1-2: Strikes out looking
Bottom of the 6th over - 0 runs, 0 hits, 0 errors, 1 left on base; Chicago 6 - Eugene 1
TOP OF THE 7TH
Chicago Tula batting - Pitching for Eugene Vandals : RHP Hugo Piñón
Batting: RHB Esteban Rojas 0-0: Called Strike
0-1: Called Strike
0-2: Fly out, F8 (Line Drive, 8LM, EV 92.5 MPH)
Batting: LHB Cisco Gracía 0-0: Called Strike
0-1: Ball
1-1: Foul Ball, location: 2F
1-2: Ball
2-2: Strikes out swinging
Batting: RHB Guillermo Dettori 0-0: Called Strike
0-1: Ball
1-1: Swinging Strike
1-2: Foul Ball, location: 2F
1-2: Strikes out swinging
Top of the 7th over - 0 runs, 0 hits, 0 errors, 0 left on base; Chicago 6 - Eugene 1
BOTTOM OF THE 7TH
Eugene Vandals batting - Pitching for Chicago Tula : RHP Sekien Saromi
Batting: RHB Will Ross 0-0: Foul Ball, location: 2F
0-1: Swinging Strike
0-2: Ball
1-2: Ball
2-2: Ball
3-2: Foul Ball, location: 2F
3-2: Foul Ball, location: 2F
3-2: Base on Balls
Batting: LHB Roosevelt Cartledge 0-0: Called Strike
0-1: Hit by Pitch
Will Ross to second
Batting: RHB Ángel Júlio 0-0: Called Strike
0-1: Ball
1-1: Reached on error, E3 (Flyball, 3D, EV 93.1 MPH)
Will Ross to third
Roosevelt Cartledge to second
Batting: SHB Dave Richards 0-0: Called Strike
0-1: Ball
1-1: SINGLE (Line Drive, 4MD, EV 96.2 MPH)
Will Ross scores
Roosevelt Cartledge to third
Ángel Júlio to second
Runner from 3rd tries for Home, SAFE, throw by CF to home
Batting: LHB Gustavo Palácios 0-0: Swinging Strike
0-1: Fly out, F9 (Line Drive, 9D, EV 97.5 MPH)
Runner from 2nd tags up, SAFE at 3rd, no throw by RF
Batting: RHB Ken Francis 0-0: Called Strike
0-1: Foul Ball, location: 2F
0-2: Ground out 5-3 (Groundball, 6S, EV 82.5 MPH)
Dave Richards to second
Batting: RHB Tim Jarvis 0-0: Ball
1-0: Ball
2-0: Foul Ball, location: 2F
2-1: Fly out, F9 (Flyball, 9S, EV 87.5 MPH)
Bottom of the 7th over - 2 runs, 1 hit, 1 error, 2 left on base; Chicago 6 - Eugene 3
TOP OF THE 8TH
Chicago Tula batting - Pitching for Eugene Vandals : RHP Hugo Piñón
Batting: LHB Andrew Gray 0-0: Ball
1-0: SOLO HOME RUN (Flyball, 9LD, EV 98.8 MPH), Distance : 359 ft
Batting: RHB Jeff Weber 0-0: Called Strike
0-1: Ball
1-1: Fly out, F9 (Flyball, 9, EV 96.2 MPH)
Batting: RHB Terry Baker 0-0: Called Strike
0-1: Foul Ball, location: 2F
0-2: Strikes out swinging
Batting: RHB Millard King 0-0: Called Strike
0-1: Fly out, F9 (Flyball, 9LM, EV 105.0 MPH)
Top of the 8th over - 1 run, 1 hit, 0 errors, 0 left on base; Chicago 7 - Eugene 3
BOTTOM OF THE 8TH
Eugene Vandals batting - Pitching for Chicago Tula : RHP Sekien Saromi
Batting: RHB Nate Martin 0-0: Called Strike
0-1: Ground out 5-3 (Groundball, 56, EV 80.6 MPH)
Batting: SHB Carlos Viera 0-0: Ball
1-0: Called Strike
1-1: Swinging Strike
1-2: Ball
2-2: Ball
3-2: Foul Ball, location: 2F
3-2: Strikes out swinging
Batting: RHB Will Ross 0-0: Ball
1-0: Foul Ball, location: 2F
1-1: Swinging Strike
1-2: Ball
2-2: Foul Ball, location: 2F
2-2: Strikes out looking
Bottom of the 8th over - 0 runs, 0 hits, 0 errors, 0 left on base; Chicago 7 - Eugene 3
TOP OF THE 9TH
Chicago Tula batting - Pitching for Eugene Vandals : RHP Hugo Piñón
Batting: RHB Joe Goff 0-0: Ball
1-0: Called Strike
1-1: Ball
2-1: Called Strike
2-2: Strikes out looking
Batting: LHB Karl Monks 0-0: Ball
1-0: Called Strike
1-1: Ball
2-1: Ball
3-1: Swinging Strike
3-2: Fly out, F4 (Line Drive, 4, EV 64.4 MPH)
Batting: RHB Esteban Rojas 0-0: Called Strike
0-1: Ground out 6-3 (Groundball, 6, EV 103.1 MPH)
Top of the 9th over - 0 runs, 0 hits, 0 errors, 0 left on base; Chicago 7 - Eugene 3
BOTTOM OF THE 9TH
Eugene Vandals batting - Pitching for Chicago Tula : RHP Sekien Saromi
Batting: LHB Roosevelt Cartledge 0-0: Ball
1-0: Foul Ball, location: 2F
1-1: DOUBLE (Line Drive, 3D, EV 95.0 MPH)
Pitching: RHP Drees de Lijser
Batting: RHB Ángel Júlio 0-0: Ball
1-0: Called Strike
1-1: DOUBLE (Flyball, 8RXD, EV 98.1 MPH)
Roosevelt Cartledge scores
Pitching: RHP Rusty Williams
Batting: SHB Dave Richards 0-0: Foul Ball, location: 2F
0-1: Ball
1-1: Ball
2-1: Foul Ball, location: 2F
2-2: Foul Ball, location: 2F
2-2: Ground out 4-3 (Groundball, 4, EV 86.9 MPH)
Ángel Júlio to third
Batting: LHB Gustavo Palácios 0-0: Ball
1-0: Called Strike
1-1: DOUBLE (Line Drive, 89M, EV 98.1 MPH)
Ángel Júlio scores
Pinch Hitting: RHB Adrián Serrano 0-0: Called Strike
0-1: Foul Ball, location: 2F
0-2: Ball
1-2: Ball
2-2: Foul Ball, location: 2F
2-2: Foul Ball, location: 2F
2-2: Ground out 6-3 (Groundball, 56, EV 79.4 MPH)
Pinch Hitting: LHB Marcos Vargas 0-0: DOUBLE (Groundball, 3L, EV 103.8 MPH)
Gustavo Palácios scores
Pinch Hitting: RHB Edgar Rodríguez 0-0: Swinging Strike
0-1: Foul Ball, location: 2F
0-2: Strikes out swinging
Bottom of the 9th over - 3 runs, 4 hits, 0 errors, 1 left on base; Chicago 7 - Eugene 6
Friday, March 26th, 2021 - OOTP Baseball 20.8 Build 74